 Dungeon Crawl Stone Soup version 0.27-a0-75-g9f9dfd16e9 (webtiles) character file.

Game seed: 12556754009671985217

217 knot the Chopper (level 5, 14/61 HPs)
             Began as a Demonspawn Berserker on Jan 13, 2021.
             Was a Believer of Trog.
             Quit the game on level 3 of the Dungeon.
             The game lasted 00:04:02 (2606 turns).

knot the Chopper (Demonspawn Berserker)             Turns: 2606, Time: 00:04:02

Health: 14/61      AC:  4    Str: 17    XL:     5   Next: 61%
Magic:  5/5        EV: 12    Int: 10    God:    Trog [**....]
Gold:   151        SH:  0    Dex: 12    Spells: 4/4 levels left

rFire    . . .     SeeInvis .   a - +1 hand axe
rCold    . . .     Faith    .   (no shield)
rNeg     . . .     Spirit   .   b - +0 animal skin
rPois    .         Reflect  .   (no helmet)
rElec    .         Harm     .   (no cloak)
rCorr    .         Rampage  .   i - +1 pair of gloves
Will     .....                  (no boots)
Stlth    ..........             (no amulet)
HPRegen  1.20/turn              n - +4 ring of slaying
MPRegen  0.09/turn              (no ring)

@: berserking (expiring), very quick
A: powered by death 1, powered by pain 1, sturdy frame 1
a: Renounce Religion, Berserk, Trog's Hand


You were on level 3 of the Dungeon.
You worshipped Trog.
Trog was pleased with you.
You visited 1 branch of the dungeon, and saw 3 of its levels.

You collected 151 gold pieces.

Inventory:

Hand Weapons
 a - a +1 hand axe (weapon)
Missiles
 c - 81 stones
 m - 10 sling bullets
 o - 2 poisoned darts (quivered)
Armour
 b - a +0 animal skin (worn)
 i - a +1 pair of gloves (worn)
Jewellery
 h - a +6 ring of dexterity
 n - a +4 ring of slaying (left hand)
Scrolls
 f - a scroll of identify
 g - a scroll of remove curse
 k - 2 scrolls of enchant weapon
Potions
 d - 2 potions of lignification {unknown}
 e - a potion of cancellation {unknown}
 j - a potion of resistance {unknown}
 l - 3 potions of curing {unknown}
 p - a potion of magic {unknown}
 q - a potion of invisibility {unknown}


   Skills:
 - Level 3.0 Fighting
 * Level 5.3 Axes
 * Level 2.0 Throwing
 - Level 1.7 Armour
 - Level 1.7 Dodging


You had 4 spell levels left.
You didn't know any spells.
Your spell library was empty.

Dungeon Overview and Level Annotations

Branches:
Dungeon (3/15)

Altars:


Innate Abilities, Weirdness & Mutations

You regenerate a little health from kills.
You sometimes gain a little power by taking damage.
Your movements are slightly less encumbered by armour. (ER -2)


Message History

The orc warrior hits you with a +0 dire flail!!
* * * LOW HITPOINT WARNING * * *
Your Axes skill increases to level 5!
You slash the orc warrior!
The orc warrior is almost dead.
You slash the orc warrior!
You kill the orc warrior!
Trog accepts your kill.
Your Throwing skill gained 2 levels and is now at level 2!
You have reached level 5!
Your demonic ancestry asserts itself...
You feel energised by your suffering. The orc hits you with a +0 falchion.
* * * LOW HITPOINT WARNING * * *
Things that are here:
a +0 dire flail; a +0 chain mail You slash the orc!
You kill the orc!
Trog accepts your kill.
Are you sure you want to abandon this character and quit the game? (Confirm with "yes".)

.. ##)###.###.. ... ... ..# #....
# ... ... ..# #...#.##. #.
###.###.###.# ....#... #..
.....#.#.#.#####.....# #
###...###.###.#.#.##.....#..##.#
...............)...............
###.........).)@..##.##.....#
#...###.###.#.#...........#
###...#.#.#.#†#.#....###....#
......#.#.#.#o###.+#####....##.#
#####............................
.................+............#.#
#######.########o#............#.+
#.# #.#..........)...# #.#
#(#......[....#..#


There were no monsters in sight!

Vanquished Creatures
  An orc warrior (D:3)
  5 adders (D:2)
  4 dart slugs (D:1)
  3 leopard geckos
  6 orcs (D:3)
  7 bats
  3 giant cockroaches
  7 goblins
  9 hobgoblins
  A ball python (D:2)
  4 frilled lizards (D:1)
  8 kobolds
  8 rats
66 creatures vanquished.

Notes
Turn   | Place    | Note
-------+----------+-------------------------------------------
     0 | D:1      | knot the Demonspawn Berserker began the quest for the Orb.
     0 | D:1      | Reached XP level 1. HP: 18/18 MP: 1/1
    75 | D:1      | Reached skill level 3 in Axes
   201 | D:1      | Gained mutation: You regenerate a little health from kills.
                  | [demonic ancestry]
   201 | D:1      | Reached XP level 2. HP: 24/24 MP: 2/2
   776 | D:1      | Reached XP level 3. HP: 29/29 MP: 3/3
  1260 | D:1      | Reached skill level 4 in Axes
  1498 | D:2      | Reached ** piety under Trog
  1562 | D:2      | Gained mutation: Your movements are slightly less
                  | encumbered by armour. (ER -2) [demonic ancestry]
  1562 | D:2      | Reached XP level 4. HP: 29/35 MP: 4/4
  2571 | D:3      | Noticed an orc warrior
  2602 | D:3      | Reached skill level 5 in Axes
  2603 | D:3      | Killed an orc warrior
  2604 | D:3      | Gained mutation: You sometimes gain a little power by
                  | taking damage. [demonic ancestry]
  2604 | D:3      | Reached XP level 5. HP: 17/41 MP: 5/5
  2606 | D:3      | Quit the game

Illustrated notes

Levels and vault maps discovered:
D:1:      sevenhm_arrival_forest_fort_large_2, layout_basic, corner_web_ring
D:2:      layout_loops_cross, minmay_box_of_dots
D:3:      layout_basic, minmay_misc_feat_nine_boxes

Skill      XL: |  1  2  3  4 |
---------------+-------------+-----
Axes           | 3 4 5 |  5.3
Throwing       | 2 |  2.0
Fighting       | |  3.0
Armour         | |  1.7
Dodging        | |  1.7

Action                   |  1- 3 |  4- 6 || total
-------------------------+-------+-------++-------
Melee: Hand axe          |    78 |    70 ||   148
Throw: Dart              |       |     7 ||     7
Invok: Berserk           |     1 |     1 ||     2
  Use: Scroll            |     6 |     2 ||     8
Armor: Animal skin       |    12 |    18 ||    30
Dodge: Dodged            |    38 |    39 ||    77

Table legend: (Time is in decaauts)
 A = Elapsed time spent in this place.
 B = Non-inter-level travel time spent in this place.
 C = Inter-level travel time spent in this place.
 D = Time resting spent in this place.
 E = Time spent auto-exploring this place.
 F = Levels seen in this place.
 G = Mean time per level.
                   A        B        C        D        E       F      G
               +--------+--------+--------+--------+--------+-----+--------+
         Total |   2628 |   2515 |    113 |    533 |   1590 |   3 |  876.0 |
       Dungeon |   2628 |   2515 |    113 |    533 |   1590 |   3 |  876.0 |
               +--------+--------+--------+--------+--------+-----+--------+

Top non-repeatable levels by time:
     D:1: 1471 daAuts
     D:2: 795 daAuts
     D:3: 361 daAuts
